Map: Torres crepusculares

Players

Xeno

  • Race: Terran Terran
  • League: Silver

xXkazperXx

  • Race: Terran Terran
  • League: Bronze

coffee

  • Race: Terran Terran
  • League: Platinum

Omnyx

  • Race: Terran Terran

VOD

Have the link to the VOD?

Description

Time

  • Played on: March 13, 2016, 8:47 p.m.
  • Length: 6:07
Show
View Real Time Build Order
Export as new Build Order

Xeno Terran 

Build Orders: Liberator Opening, Mech 

Get SALT Encoding   

  12  0:00  SCV  
  13  0:13  SCV  
  14  0:17  Supply Depot  
  14  0:25  SCV  
  15  0:30  Refinery  
  15  0:42  Barracks  
  15  0:45  SCV  
  16  0:57  SCV  
  16  1:02  Refinery  
  17  1:09  SCV  
  18  1:22  SCV  
  19  1:29  Supply Depot  
  19  1:31  Marine  
  20  1:34  Orbital Command  
  20  1:53  Bunker  
  20  2:00  Factory  
  20  2:02  Barracks Reactor  
  21  2:08  SCV  
  21  2:27  Supply Depot  
  21  2:34  SCV  
  22  2:46  Command Center  
  22  3:01  Starport  
  22  3:12  Barracks Tech Lab  
  22  3:15  Factory Tech Lab  
  22  3:21  Liberator x2, Supply Depot  
  22  3:22  SCV  
  23  3:34  SCV  
  30  3:48  Marine  
  31  3:49  SCV  
  32  4:10  Orbital Command  
  32  4:12  Marine  
  32  4:13  Siege Tank  
  32  4:16  Combat Shields  
  36  4:22  SCV  
  37  4:37  Factory  
  37  4:38  SCV  
  38  4:39  SCV  
  39  4:47  Factory  
  39  5:39  Factory Tech Lab  
  45  5:53  SCV x2  
Show
View Real Time Build Order
Export as new Build Order

xXkazperXx Terran 

Build Orders:  

Get SALT Encoding   

  12  0:01  SCV  
  13  0:13  SCV  
  14  0:23  Refinery  
  14  0:25  SCV  
  15  0:35  Supply Depot  
  15  0:42  Refinery  
  15  0:56  SCV  
  16  1:06  Supply Depot  
  16  1:08  SCV  
  17  1:20  SCV  
  18  1:27  Barracks  
  18  1:32  SCV  
  19  1:40  Supply Depot  
  19  1:45  SCV  
  20  2:01  SCV  
  21  2:13  SCV  
  22  2:26  SCV  
  23  2:32  Supply Depot  
  24  2:39  Reaper  
  24  2:44  Orbital Command  
  24  2:48  Engineering Bay  
  24  3:00  Supply Depot  
  24  3:12  Reaper  
  25  3:13  Engineering Bay  
  25  3:16  Barracks  
  25  3:44  Reaper  
  26  4:00  Factory  
  25  4:15  Barracks Reactor, Marine  
  26  4:33  Marine  
  27  4:43  Command Center  
  27  4:47  Starport  
  27  4:51  Marine  
  28  4:55  Marine x2  
  28  4:57  Factory  
  29  5:10  Barracks Tech Lab  
  29  5:13  Marine  
Show
View Real Time Build Order
Export as new Build Order

coffee Terran 

Build Orders:  

Get SALT Encoding   

Show
View Real Time Build Order
Export as new Build Order

Omnyx Terran 

Build Orders:  

Get SALT Encoding   

Tags
 
Add a new tag
Caveats
  • Supply blocks, unpowered buildings, or Contaminate may cause inaccurate times.
  • Supply counts are checked every 10 seconds.